 Dungeon Crawl Stone Soup version 0.17.1-2-g5865329 (webtiles) character file.

131 kaze the Ruffian (level 4, -4/45 HPs)
             Began as a Troll Berserker on Feb 14, 2016.
             Was a Believer of Trog.
             Slain by a gnoll
             ... wielding a +0 halberd
              (8 damage)
             ... on level 3 of the Dungeon.
             The game lasted 00:04:52 (1062 turns).

kaze the Ruffian (Troll Berserker)                  Turns: 1062, Time: 00:04:52

Health: -4/45      AC:  5    Str: 26    XL:     4   Next: 91%
Magic:  3/3        EV: 10    Int:  3    God:    Trog [**....]
Gold:   58         SH:  0    Dex:  9    Spells: 0 memorised, 3 levels left

rFire  . . .     SeeInvis .     l - +0 flail
rCold  . . .     Clarity  .     a - +0 animal skin
rNeg   . . .     SustAt   .     (no shield)
rPois  .         Gourm    +     (helmet restricted)
rElec  .         Spirit   .     (no cloak)
rCorr  .         Warding  .     (gloves unavailable)
rMut   .         Stasis   .     (boots unavailable)
MR     ++...                    (no amulet)
Stlth  +.........               (no ring)
                                (no ring)

@: exhausted, regenerating, slowed, very slow, very resistant to hostile
enchantments, very unstealthy
A: unfitting armour, claws 3, fast metabolism 3, gourmand, regeneration 2,
shaggy fur 1, tough skin 2
a: Berserk, Trog's Hand, Burn Spellbooks, Renounce Religion


You were on level 3 of the Dungeon.
You worshipped Trog.
Trog was pleased with you.
You were very full.

You visited 1 branch of the dungeon, and saw 3 of its levels.

You collected 58 gold pieces.

Inventory:

Hand Weapons
 l - a +0 flail (weapon)
Armour
 a - a +0 animal skin (worn)
Scrolls
 d - a scroll of blinking {unknown}
 e - a scroll of immolation {unknown}
 f - 2 scrolls of identify {unknown}
 i - a scroll of random uselessness {unknown}
Potions
 g - a potion of flight {unknown}
 h - a potion of magic {unknown}
 j - a potion of mutation {unknown}
Comestibles
 b - 3 bread rations
 c - 15 chunks of flesh
 k - a royal jelly


   Skills:
 + Level 3.0 Fighting
 + Level 3.5 Dodging
 - Level 0.2 Stealth
 + Level 4.0 Unarmed Combat


You had 3 spell levels left.
You didn't know any spells.

Dungeon Overview and Level Annotations

Branches:
Dungeon (3/15)

Altars:
Trog


Innate Abilities, Weirdness & Mutations

You are too large for most types of armour.
You have claws for hands.
Your metabolism is lightning-fast.
You like to eat raw meat.
You heal very quickly.
You are covered in fur (AC +1).
You have very tough skin (AC +2).


Message History

Things that are here:
a spear; a gnoll corpse You sock the gnoll!
You kill the gnoll!
Trog accepts your kill. The gnoll closely misses you.
You are no longer berserk.
You are exhausted.
You feel yourself slow down. The gnoll barely misses you.
The gnoll hits you from afar with a halberd!
The gnoll hits you with a halberd!
* * * LOW HITPOINT WARNING * * *
You feel the effects of Trog's Hand fading.
The gnoll hits you with a halberd!
* * * LOW HITPOINT WARNING * * *
Things that are here:
a spear; a gnoll corpse You closely miss the gnoll.
The gnoll barely misses you. The gnoll hits you with a halberd!
You die...

##### ..####...#
.........# ######g@.#
##.## #..# ##.#
########### #.#
#.........# #.#
#.#######.#
.######)####.# #.#
...gg.....##.## #.#
.####.........######.#


You could see a gnoll.

Vanquished Creatures
  A worker ant (D:3)
  3 gnolls (D:3)
  2 adders
  2 worms (D:2)
  4 orcs (D:3)
  8 bats
  3 hobgoblins
  10 jackals
  2 kobolds
  A giant cockroach (D:2)
  A giant newt (D:2)
  8 goblins
  2 rats
47 creatures vanquished.

Notes
Turn   | Place    | Note
--------------------------------------------------------------
     0 | D:1      | kaze the Troll Berserker began the quest for the Orb.
     0 | D:1      | Reached XP level 1. HP: 22/22 MP: 0/0
   191 | D:1      | Reached XP level 2. HP: 29/29 MP: 1/1
   208 | D:1      | You fall through a shaft!
   320 | D:2      | Found a bloodstained altar of Trog.
   496 | D:2      | Reached XP level 3. HP: 36/36 MP: 2/2
   519 | D:2      | Reached ** piety under Trog
   773 | D:3      | Reached XP level 4. HP: 40/44 MP: 3/3
  1040 | D:3      | Reached skill level 4 in Unarmed Combat
  1061 | D:3      | HP: 1/45 [gnoll/halberd (11)]
  1062 | D:3      | Slain by a gnoll

Action                   |  1- 3 |  4- 6 || total
-------------------------+-------+-------++-------
Melee: Unarmed           |    93 |    29 ||   122
       Flail             |       |     8 ||     8
Invok: Berserk           |       |     1 ||     1
       Trog's Hand       |       |     1 ||     1
 Stab: Sleeping          |     1 |       ||     1
  Eat: Chunk             |    10 |     5 ||    15
